 Dungeon Crawl Stone Soup version 0.22-a0-558-gc224181 (webtiles) character file.

30637 glosham the Cleaver (level 13, -2/117 HPs)
             Began as a Deep Dwarf Arcane Marksman on June 26, 2018.
             Was a High Priest of Trog.
             Slain by a sphinx (17 damage)
             ... while paralysed by a sphinx
             ... on level 12 of the Dungeon on June 27, 2018.
             The game lasted 04:32:23 (12020 turns).

glosham the Cleaver (Deep Dwarf Arcane Marksman)   Turns: 12020, Time: 04:32:24

Health: -2/117     AC: 18    Str: 23    XL:     13   Next: 21%
Magic:  7/7        EV:  2    Int: 15    God:    Trog [*****.]
Gold:   822        SH:  0    Dex: 18    Spells: 14/14 levels left

rFire    + . .     SeeInvis .   b - +4 battleaxe (antimagic)
rCold    x . .     Gourm    .   (shield currently unavailable)
rNeg     . . .     Faith    .   X - +0 plate armour
rPois    .         Spirit   .   (no helmet)
rElec    .         Reflect  .   Y - +2 cloak {+Inv}
rCorr    .         Harm     +   V - +0 pair of gloves
MR       +....                  (no boots)
Stlth    ..........             z - amulet of harm
HPRegen  0.00/turn              A - ring of magical power
MPRegen  0.10/turn              D - ring of fire

@: paralysed, mighty, agile, very slightly contaminated, non-regenerating,
studying Charms, invisible (expiring)
A: damage resistance, heal wounds, sense surroundings 2, no regeneration
a: Heal Wounds, Berserk, Trog's Hand, Brothers in Arms, Renounce Religion


You were on level 12 of the Dungeon.
You worshipped Trog.
Trog was extremely pleased with you.
You were hungry.

You visited 1 branch of the dungeon, and saw 14 of its levels.
You also visited: Sewer and Ossuary.

You collected 822 gold pieces.

Inventory:

Hand Weapons
 a - a +4 arbalest of velocity
 b - a +4 antimagic battleaxe (weapon)
 c - a +0 war axe of flaming
 d - the +7 shortbow of Anudotsao {freeze, Str+3}
   (You found it on level 11 of the Dungeon)

   It causes projectiles fired from it to freeze those they strike, causing
   extra injury to most foes and up to half again as much damage against
   particularly susceptible opponents.
   They can also slow down cold-blooded creatures.
   It affects your strength (+3).
 f - a +5 triple crossbow of velocity
Missiles
 y - 310 arrows
 G - 99 bolts
 K - 4 poisoned tomahawks
 L - 69 sling bullets
 U - 298 stones (quivered)
 W - 8 tomahawks
 Z - 7 javelins of penetration
Armour
 F - a +2 leather armour of poison resistance
 O - a +1 leather armour of cold resistance
 Q - a +1 ring mail of poison resistance
 V - a +0 pair of gloves (worn)
 X - a +0 plate armour (worn)
 Y - a +2 cloak of invisibility (worn)
Magical Staves
 I - an uncursed staff of conjuration {!a}
Jewellery
 z - an amulet of harm (around neck)
 A - a ring of magical power (left hand)
 B - an uncursed ring of stealth
 D - a ring of fire (right hand)
 M - an uncursed amulet of the gourmand
Wands
 g - a wand of digging (5)
 h - a wand of polymorph (14)
 i - a wand of disintegration (2)
 j - a wand of flame (26)
 N - a wand of iceblast (7)
Scrolls
 k - 7 scrolls of teleportation
 l - 5 scrolls of magic mapping
 m - 5 scrolls of fog
 n - 3 scrolls of fear
 o - 7 scrolls of remove curse
 p - 3 scrolls of identify
 E - 5 scrolls of amnesia
 P - 3 scrolls of immolation
Potions
 q - 3 potions of lignification
 r - 3 potions of curing
 s - 3 potions of magic
 t - a potion of haste
 u - a potion of flight
 v - 2 potions of agility
 w - 3 potions of might
 C - 2 potions of brilliance
 H - a potion of mutation {!q}
Books
 S - a manual of Charms Trog disapproves of the use of such an item.
Comestibles
 e - 29 rations
 x - 7 chunks of flesh


   Skills:
 - Level 8.2 Fighting
 * Level 13.5 Axes
 - Level 10.0 Crossbows
 - Level 9.1 Armour
 - Level 9.2 Dodging
 - Level 1.0 Spellcasting
   Level 2.4 Hexes
 + Level 10.6 Evocations


You had 14 spell levels left.
You didn't know any spells.
Your spell library contained the following spells:

 Spells                   Type           Power        Failure   Level  Hunger
 Cause Fear               Hex            #.........   100%        4    #####..
 Slow                     Hex            #.......     88%         2    ###....
 Corona                   Hex            #......      77%         1    ##.....
 Portal Projectile        Hex/Tloc       #.....       99%         3    ####...
 Leda's Liquefaction      Hex/Erth       #.........   100%        4    #####..
 Inner Flame              Hex/Fire       #.......     99%         3    ####...


Dungeon Overview and Level Annotations

Branches:
Dungeon (14/15)            Temple (0/1) D:4            Lair (0/6) D:11
    Orc (0/2) D:11         Vaults (0/5) D:14

Altars:
Cheibriados
Dithmenos
Fedhas
Kikubaaqudgha
Nemelex Xobeh
Okawaru
Sif Muna
Trog
Uskayaw
Wu Jian
Xom
The Shining One

Portals:
Trove: D:10 (give +4 ice dragon scales)


Innate Abilities, Weirdness & Mutations

You are resistant to damage.
You can heal yourself by infusing magical energy.
You passively map the area around you.
You do not regenerate.


Message History

b - a +4 antimagic battleaxe (weapon)
An ettin comes into view. It is wielding two dire flails.
The ettin shouts in stereo!
The stone giant throws a large rock.
The large rock hits you!
You see here a large rock.
Okay, then.
You feel agile all of a sudden.
The ettin shouts in stereo!
You feel very mighty all of a sudden.
The ettin shouts in stereo!
You hear a shout!
The ettin hits you with a dire flail! The ettin closely misses you.
You slice the ettin!!
The ettin is moderately wounded.
The stone giant throws a large rock.
The large rock hits the ettin!!
You slice the ettin!!
The ettin is almost dead.
The stone giant throws a large rock.
The large rock hits the ettin!
The ettin dies!
You slash the ettin!
The ettin is severely wounded.
The ettin completely misses you. The ettin barely misses you.
The stone giant throws a large rock.
The large rock hits the ettin!!
You strike the helpless ettin from behind!
You slash the ettin!
You kill the ettin!
Trog accepts your kill.
A sphinx comes into view.
The sphinx casts a spell.
You suddenly lose the ability to move!
You flicker for a moment.
The stone giant hits you.
The sphinx casts a spell.
You resist with some effort. The stone giant hits you!! The sphinx hits you!
The sphinx hits you but does no damage. x2
The stone giant hits you but does no damage.
The sphinx hits you!
The sphinx hits you but does no damage. x2
The stone giant hits you!!
* * * LOW HITPOINT WARNING * * *
The sphinx hits you!
You die...

#..........)).##.###
###################.##'###
#...#...#* * ### #......#
#...'...# , , #.###......#
#...#...# , #...'......#
#### #.[.##..#
#.###......# ...#
##..##..#* #.# #......#
##.# #..###(####'##.#
#......# #.#
#..#.##.@H...#.#####...##
#.# ##)'..##)C...#...#
#...## #.#
#.#...###...###.# #...##
##÷# ####)########<#.#
#..... ...#
#.........#†#.####.###
####
###.......'.....##>...
####....###.#.######
###### #.#......#
#.....##.#


You could see a sphinx and a stone giant.

Vanquished Creatures
  A fire giant (D:12)
  An ettin (D:12)
  A deep elf high priest (D:12)
  The ghost of Tovarisch the Transmogrifier, a journeyman NaTm (D:11)
  A hydra (D:13)
  3 centaur warriors
  4 two-headed ogres
  A dancing weapon (D:14)
  A skeletal warrior (D:12)
  3 unseen horrors
  An orc knight (D:14)
  A deep elf mage (D:14)
  2 ugly things
  A manticore (D:9)
  A cyclops (D:11)
  Maurice (D:8)
  A torpor snail (D:9)
  2 gargoyles
  A kobold demonologist (D:10)
  2 guardian mummies (D:10)
  4 trolls
  2 hornets (D:12)
  6 hippogriffs
  Sigmund (D:5)
  A spriggan (D:11)
  A wraith (D:11)
  19 yaks
  A wyvern (D:12)
  Grum (D:8)
  A basilisk (D:14)
  A fire bat (shapeshifter) (D:13)
  A vampire mosquito (D:12)
  2 hungry ghosts
  Menkaure (D:6)
  A soldier ant (D:14)
  A water moccasin (D:9)
  6 sky beasts
  9 orc warriors
  2 ice beasts
  2 eyes of draining
  2 necrophages
  2 phantoms
  3 ogres
  4 wolves (D:8)
  12 centaurs
  3 elf zombies (Ossuary)
  3 crocodiles
  5 big kobolds
  13 bullfrogs
  A wyvern skeleton (D:9)
  2 scorpions
  6 killer bees (D:12)
  2 electric eels (D:12)
  5 howler monkeys
  3 crimson imps
  2 bullfrog zombies
  2 quasits
  7 orc priests
  Crazy Yiuf (D:5)
  4 hounds
  5 jellies
  2 human zombies (Ossuary)
  13 orc wizards
  2 iguanas
  2 centaur skeletons
  Terence (D:3)
  14 worker ants
  A big kobold zombie (Ossuary)
  3 mummies (Ossuary)
  2 worker ant zombies
  A howler monkey skeleton (D:4)
  A howler monkey zombie (D:7)
  16 adders
  5 river rats (Sewer)
  2 oozes (Sewer)
  9 adder zombies
  4 worms
  A dart slug (D:3)
  5 leopard geckos
  55 orcs
  13 bats
  6 giant cockroaches
  9 goblins
  10 hobgoblins
  5 jackals
  4 quokkas
  14 ball pythons
  11 frilled lizards
  2 gnoll zombies (Ossuary)
  6 goblin zombies (Ossuary)
  6 hobgoblin zombies (Ossuary)
  2 jackal zombies
  17 kobolds
  A kobold zombie (Ossuary)
  A leopard gecko skeleton (D:4)
  An orc zombie (Ossuary)
  A quokka zombie (Ossuary)
  24 rats
  3 rat zombies (Ossuary)
455 creatures vanquished.

Vanquished Creatures (others)
  An ettin (D:12)
  2 withered plants (D:11)
3 creatures vanquished.

Grand Total: 458 creatures vanquished

Notes
Turn   | Place    | Note
-------+----------+-------------------------------------------
     0 | D:1      | glosham the Deep Dwarf Arcane Marksman began the quest for the Orb.
     0 | D:1      | Reached XP level 1. HP: 16/16 MP: 2/2
    12 | D:1      | Reached skill level 1 in Fighting
   154 | D:3      | Found a bloodstained altar of Trog.
   162 | D:3      | Became a worshipper of Trog the Wrathful
   198 | D:2      | Reached skill level 2 in Fighting
   198 | D:2      | Reached XP level 2. HP: 22/26 MP: 3/3
   323 | D:2      | Reached XP level 3. HP: 25/33 MP: 4/4
   481 | D:1      | Reached skill level 3 in Fighting
   543 | D:1      | Reached * piety under Trog
   943 | D:2      | Reached skill level 1 in Armour
  1188 | D:2      | Found a faded altar of an unknown god.
  1193 | D:2      | Reached XP level 4. HP: 37/42 MP: 5/5
  1591 | D:3      | Found an ancient bone altar of Kikubaaqudgha.
  1594 | D:3      | Noticed Terence
  1606 | D:3      | Killed Terence
  1606 | D:3      | Reached skill level 2 in Armour
  1695 | D:3      | Found a hide-covered altar of Uskayaw.
  1863 | D:3      | Reached XP level 5. HP: 44/49 MP: 6/6
  1867 | D:3      | Found a glowing golden altar of the Shining One.
  2048 | D:4      | Found a sparkling altar of Nemelex Xobeh.
  2067 | D:4      | Reached ** piety under Trog
  2122 | D:4      | Found a snail-covered altar of Cheibriados.
  2179 | D:4      | Found a staircase to the Ecumenical Temple.
  2201 | D:4      | Reached skill level 3 in Crossbows
  2201 | D:4      | Reached skill level 3 in Dodging
  2228 | D:4      | Reached skill level 1 in Axes
  2292 | D:4      | Reached XP level 6. HP: 41/57 MP: 7/7
  2377 | D:4      | Reached skill level 3 in Armour
  2693 | D:5      | Entered Level 5 of the Dungeon
  2693 | D:5      | Noticed Sigmund
  2696 | D:5      | Killed Sigmund
  2696 | D:5      | Reached skill level 4 in Fighting
  2696 | D:5      | Reached skill level 2 in Axes
  2696 | D:5      | Reached XP level 7. HP: 64/64 MP: 8/8
  2871 | D:5      | Found a glowing drain.
  2895 | Sewer    | Entered a sewer
  3033 | Sewer    | Reached skill level 4 in Dodging
  3058 | Sewer    | Reached skill level 4 in Crossbows
  3157 | Sewer    | Reached *** piety under Trog
  3337 | Sewer    | Reached skill level 3 in Axes
  3337 | Sewer    | Reached skill level 4 in Armour
  3538 | D:5      | Found a runed door.
  3540 | D:5      | Found an iron altar of Okawaru.
  3641 | D:5      | Noticed Crazy Yiuf
  3646 | D:5      | Killed Crazy Yiuf
  3737 | D:6      | Found a deep blue altar of Sif Muna.
  3792 | D:6      | Noticed Menkaure
  3796 | D:6      | Reached XP level 8. HP: 64/73 MP: 9/9
  3805 | D:6      | Killed Menkaure
  4032 | D:6      | Reached skill level 5 in Crossbows
  4032 | D:6      | Reached skill level 5 in Dodging
  4046 | D:6      | Reached skill level 5 in Fighting
  4046 | D:6      | Reached skill level 4 in Axes
  4065 | D:6      | Reached skill level 5 in Armour
  4249 | D:6      | Reached **** piety under Trog
  4351 | D:6      | Found a shimmering altar of Xom.
  4476 | D:7      | Found a sand-covered staircase.
  4480 | Ossuary  | Entered an ossuary
  4636 | Ossuary  | Received a gift from Trog
  5311 | Ossuary  | Gained mutation: You passively map the area around you. [Deep Dwarf growth]
  5311 | Ossuary  | Reached XP level 9. HP: 69/81 MP: 10/10
  5438 | Ossuary  | Reached skill level 5 in Axes
  5688 | D:7      | Reached skill level 6 in Dodging
  5805 | D:7      | Reached skill level 6 in Crossbows
  5889 | D:7      | Found a blossoming altar of Fedhas.
  6005 | D:7      | Reached skill level 6 in Armour
  6345 | D:8      | Noticed Grum
  6359 | D:8      | Killed Grum
  6371 | D:8      | Reached skill level 6 in Fighting
  6479 | D:8      | Received a gift from Trog
  6575 | D:8      | Reached skill level 6 in Axes
  6714 | D:8      | Reached skill level 7 in Dodging
  6735 | D:8      | Reached skill level 7 in Crossbows
  6809 | D:8      | Reached ***** piety under Trog
  6855 | D:8      | Found a shimmering altar of Xom.
  6986 | D:8      | Reached skill level 7 in Armour
  6986 | D:8      | Reached XP level 10. HP: 74/92 MP: 11/11
  7130 | D:8      | Found a shadowy altar of Dithmenos.
  7249 | D:8      | Noticed Maurice
  7254 | D:8      | Killed Maurice
  7321 | D:8      | Found an ornate altar of the Wu Jian Council.
  7626 | D:9      | Noticed a two-headed ogre
  7653 | D:9      | Received a gift from Trog
  7653 | D:9      | Reached skill level 7 in Axes
  7756 | D:9      | Noticed a manticore
  7766 | D:9      | Killed a manticore
  7766 | D:9      | Reached skill level 7 in Fighting
  7859 | D:9      | Noticed a torpor snail
  7859 | D:9      | a two-headed ogre changed into a torpor snail
  7863 | D:9      | Killed a torpor snail
  7863 | D:9      | Reached skill level 8 in Dodging
  7893 | D:9      | Reached skill level 8 in Crossbows
  8149 | D:9      | Reached skill level 8 in Armour
  8439 | D:10     | Entered Level 10 of the Dungeon
  8501 | D:10     | Noticed a centaur warrior
  8526 | D:10     | Killed a centaur warrior
  8545 | D:10     | Noticed a gargoyle
  8591 | D:10     | Killed a gargoyle
  8644 | D:10     | Reached skill level 1 in Evocations
  8703 | D:10     | Reached XP level 11. HP: 100/100 MP: 10/10
  8946 | D:10     | Reached skill level 8 in Axes
  8952 | D:10     | Reached skill level 2 in Evocations
  9039 | D:10     | Killed an unseen horror
  9039 | D:10     | Received a gift from Trog
  9114 | D:10     | Noticed a two-headed ogre
  9118 | D:10     | Killed a two-headed ogre
  9118 | D:10     | Reached skill level 3 in Evocations
  9209 | D:10     | Reached skill level 9 in Crossbows
  9433 | D:10     | Noticed a brown ugly thing
  9441 | D:10     | Killed a brown ugly thing
  9441 | D:10     | Reached skill level 4 in Evocations
  9568 | D:10     | Found a portal to a secret trove of treasure.
  9632 | D:11     | Noticed a centaur warrior
  9647 | D:11     | Killed a centaur warrior
  9647 | D:11     | Reached skill level 9 in Axes
  9647 | D:11     | Reached skill level 5 in Evocations
  9647 | D:11     | Reached skill level 9 in Dodging
  9649 | D:11     | Reached skill level 8 in Fighting
  9793 | D:11     | Reached skill level 9 in Armour
  9794 | D:11     | Killed an unseen horror
  9794 | D:11     | Reached skill level 6 in Evocations
  9969 | D:11     | Found a staircase to the Lair.
  9983 | D:11     | Reached XP level 12. HP: 110/110 MP: 12/12
 10031 | D:11     | Found a runed door.
 10033 | D:11     | Noticed Tovarisch's ghost (journeyman NaTm)
 10059 | D:11     | Noticed a two-headed ogre
 10063 | D:11     | Killed a two-headed ogre
 10063 | D:11     | Reached skill level 10 in Crossbows
 10192 | D:11     | Killed Tovarisch's ghost
 10192 | D:11     | Reached skill level 10 in Axes
 10200 | D:11     | Identified the +7 shortbow of Anudotsao {freeze, Str+3} (You found it on level 11 of the Dungeon)
 10336 | D:11     | Received a gift from Trog
 10396 | D:11     | Reached skill level 7 in Evocations
 10520 | D:11     | Found a staircase to the Orcish Mines.
 10781 | D:12     | Paralysed by a hornet for 1 turns
 10877 | D:12     | Noticed a two-headed ogre
 10884 | D:12     | Killed a two-headed ogre
 10924 | D:12     | Reached skill level 11 in Axes
 11055 | D:12     | Reached skill level 8 in Evocations
 11192 | D:12     | Noticed a two-headed ogre
 11198 | D:12     | Killed a two-headed ogre
 11203 | D:12     | Received a gift from Trog
 11323 | D:12     | You fall through a shaft for 2 floors!
 11348 | D:14     | Reached skill level 9 in Evocations
 11351 | D:14     | Reached skill level 12 in Axes
 11445 | D:14     | Noticed a centaur warrior
 11451 | D:14     | Killed a centaur warrior
 11496 | D:14     | Found a gate to the Vaults.
 11638 | D:13     | Noticed a four-headed hydra
 11645 | D:13     | Killed a one-headed hydra
 11838 | D:12     | Reached skill level 10 in Evocations
 11838 | D:12     | Reached XP level 13. HP: 93/117 MP: 7/13
 11855 | D:12     | Noticed a fire giant
 11872 | D:12     | Killed a fire giant
 11872 | D:12     | Reached skill level 13 in Axes
 12002 | D:12     | Noticed an ettin
 12004 | D:12     | Noticed a stone giant
 12007 | D:12     | Noticed an ettin
 12012 | D:12     | Killed an ettin
 12014 | D:12     | Killed an ettin
 12014 | D:12     | Noticed a sphinx
 12015 | D:12     | Paralysed by a sphinx for 6 turns
 12020 | D:12     | Slain by a sphinx

Vault maps used:
D:1:      ncdulo_lavacross
D:2:      first_ration, chequers_ecumenical_altar_simple,
          minmay_goblin_kobold_house
D:3:      bloody_trog, lemuel_doored_altar, lemuel_crystal_altar,
          nicolae_tso_carved_into_rock, kennysheep_generic_room_12, uniq_terence
D:4:      kennysheep_big_flooded_room, nemelex_xobeh_ov_fountains_minmay,
          cheibriados_altar_1, temple_statues, hex_tiny, st_stairs_6
D:5:      okawaru_metal_pillars_3, cheibrodos_sewer_entry_sluice, uniq_sigmund,
          uniq_crazy_yiuf_cottage
D:6:      lemuel_crystal_altar, grunt_decor_resistance,
          brannock_xom_greatest_gift, uniq_menkaure
D:7:      nicolae_overflow_crystal_walls, nicolae_ossuary_entry_plus,
          minmay_misc_feat_hallway, roderic_batcave
D:8:      nicolae_whirlpool, lemuel_crystal_altar, grunt_dithmenos_smoke,
          kennysheep_little_box, uniq_grum, uniq_maurice
D:10:     serial_column_ruins, column_ruins_open_medium,
          column_ruins_columns_dead_end, column_ruins_open_tiny,
          column_ruins_grid_2, column_ruins_columns_corner, column_ruins_grid_1,
          nicolae_trove_entry_path_of_doom
D:11:     david_lair_generic, david_orc_4, gammafunk_ghost_grave, the_bakery
D:12:     minmay_sliced_demisemicircle
D:13:     gammafunk_ghost_hydra_chop, minmay_stone_trees_small,
          hangedman_abyss_or_decor_passed
D:14:     erik_vaults_1, minmay_misc_feat_four_crosses, uniq_azrael
Sewer:    sewer_minmay_w
Ossuary:  minmay_ossuary_two_tombs

Skill      XL: |  1  2  3  4  5  6  7  8  9 10 11 12 13 |
---------------+----------------------------------------+-----
Fighting       | 2 3 4 5 6 7 8 |  8.2
Armour         | 1 2 3 4 5 7 8 9 |  9.1
Crossbows      | 3 4 5 7 8 9 10 | 10.0
Dodging        | 3 4 5 7 8 9 |  9.2
Axes           | 1 2 3 4 6 7 9 12 13 | 13.5
Evocations     | 1 6 10 | 10.6
Spellcasting   | |  1.0
Hexes          | |  2.4

Action                   |  1- 3 |  4- 6 |  7- 9 | 10-12 | 13-15 || total
-------------------------+-------+-------+-------+-------+-------++-------
Melee: Whip              |     6 |    40 |    78 |     7 |       ||   131
       Hand axe          |       |       |    27 |    70 |       ||    97
       Quarterstaff      |       |       |   163 |    32 |       ||   195
       Battleaxe         |       |       |       |    79 |    26 ||   105
       War axe           |       |       |       |   106 |       ||   106
 Fire: Hand crossbow     |    78 |    95 |   281 |   114 |       ||   568
       Arbalest          |       |       |       |   221 |     2 ||   223
       Shortbow          |       |       |       |     4 |       ||     4
 Cast: Corona            |     5 |       |       |       |       ||     5
Invok: Berserk           |       |     1 |     5 |    23 |     2 ||    31
       Trog's Hand       |       |       |     1 |     3 |       ||     4
 Abil: Heal Wounds       |       |       |       |    22 |     4 ||    26
       Evoke Invisibilit |       |       |       |     8 |     2 ||    10
Evoke: Wand              |       |       |     7 |    21 |       ||    28
  Use: Potion            |     4 |     1 |     6 |     4 |     2 ||    17
       Scroll            |     8 |     4 |    10 |     4 |       ||    26
 Stab: Paralysed         |       |       |     1 |       |       ||     1
       Invisible         |       |       |       |     5 |     2 ||     7
       Confused          |       |       |       |     1 |       ||     1
  Eat: Chunk             |     1 |     5 |    13 |    45 |     2 ||    66
       Ration            |       |       |     2 |     1 |       ||     3
Armor: Ring mail         |    11 |     3 |       |     8 |       ||    22
       Scale mail        |       |    24 |       |       |       ||    24
       Chain mail        |       |     3 |   173 |       |       ||   176
       Skin              |       |       |     4 |       |       ||     4
       Plate armour      |       |       |    47 |   235 |     7 ||   289
Dodge: Dodged            |    19 |    44 |   162 |   212 |    10 ||   447

Table legend:
 A = Spawn XP
 B = Non-spawn XP
 C = Spawn XP percentage of total XP
 D = Spawn monster count
 E = Non-spawn monster count
 F = Spawn count percentage of total count
 G = Total turns spent on level
                    A         B        C        D         E        F      G
               +---------+---------+-------+---------+---------+-------+---------
         Total |       0 |   43768 |   0.0 |       0 |     456 |   0.0 | 12020
               +---------+---------+-------+---------+---------+-------+---------
           D:1 |       0 |      19 |   0.0 |       0 |      12 |   0.0 |   448
           D:2 |       0 |      81 |   0.0 |       0 |      23 |   0.0 |   834
           D:3 |       0 |     108 |   0.0 |       0 |      26 |   0.0 |   733
           D:4 |       0 |     344 |   0.0 |       0 |      14 |   0.0 |   708
           D:5 |       0 |     312 |   0.0 |       0 |       9 |   0.0 |   516
           D:6 |       0 |    1142 |   0.0 |       0 |      24 |   0.0 |   739
           D:7 |       0 |     626 |   0.0 |       0 |      20 |   0.0 |   750
           D:8 |       0 |    2949 |   0.0 |       0 |      32 |   0.0 |  1398
           D:9 |       0 |    2885 |   0.0 |       0 |      26 |   0.0 |   786
          D:10 |       0 |    7200 |   0.0 |       0 |      45 |   0.0 |  1302
          D:11 |       0 |    9055 |   0.0 |       0 |      76 |   0.0 |  1039
          D:12 |       0 |   13027 |   0.0 |       0 |      48 |   0.0 |   844
          D:13 |       0 |    1351 |   0.0 |       0 |       3 |   0.0 |    26
          D:14 |       0 |    3771 |   0.0 |       0 |      12 |   0.0 |   307
         Sewer |       0 |     374 |   0.0 |       0 |      48 |   0.0 |   504
       Ossuary |       0 |     524 |   0.0 |       0 |      38 |   0.0 |  1086
               +---------+---------+-------+---------+---------+-------+---------

Table legend:
 A = Turns spent in this place as a percentage of turns spent in the entire game.
 B = Non-inter-level travel turns spent in this place as a percentage of non-inter-level travel turns spent in the entire game.
 C = Inter-level travel turns spent in this place as a percentage of turns spent in this place.
 D = Turns resting spent in this place as a percentage of non-inter-level travel turns spent in this place.
 E = Turns spent auto-exploring this place as a percentage of non-inter-level travel turns spent in this place.
 F = Non-inter-level travel turns spent in this place divided by the number of levels of this place that you've seen.
                   A       B       C       D       E      F
               +-------+-------+-------+-------+-------+----------------------
         Total | 100.0 | 100.0 |   8.3 |   3.9 |   0.0 | 688.8
       Dungeon |  86.8 |  85.6 |   9.6 |   4.4 |   0.0 | 673.6
         Sewer |   4.2 |   4.6 |   0.0 |   4.0 |   0.0 | 504.0
       Ossuary |   9.0 |   9.9 |   0.0 |   0.0 |   0.0 | 1086.0
               +-------+-------+-------+-------+-------+----------------------

Table legend:
 A = Kills in this place as a percentage of kills in entire the game.
 B = Kills by you in this place as a percentage of kills by you in the entire game.
 C = Kills by friends in this place as a percentage of kills by friends in the entire game.
 D = Other kills in this place as a percentage of other kills in the entire game.
 E = Experience gained in this place as a percentage of experience gained in the entire game.
 F = Experience gained in this place divided by the number of levels of this place that you have seen.
                   A       B       C       D       E      F
               +-------+-------+-------+-------+-------+----------------------
         Total | 100.0 | 100.0 |   N/A | 100.0 | 100.0 | 2735.5
       Dungeon |  81.1 |  81.1 |   N/A | 100.0 |  97.9 | 3062.1
         Sewer |  10.5 |  10.5 |   N/A |   0.0 |   0.9 | 374.0
       Ossuary |   8.3 |   8.4 |   N/A |   0.0 |   1.2 | 524.0
               +-------+-------+-------+-------+-------+----------------------

Vault maps used:
D:1:      ncdulo_lavacross
D:2:      first_ration, chequers_ecumenical_altar_simple,
          minmay_goblin_kobold_house
D:3:      bloody_trog, lemuel_doored_altar, lemuel_crystal_altar,
          nicolae_tso_carved_into_rock, kennysheep_generic_room_12, uniq_terence
D:4:      kennysheep_big_flooded_room, nemelex_xobeh_ov_fountains_minmay,
          cheibriados_altar_1, temple_statues, hex_tiny, st_stairs_6
D:5:      okawaru_metal_pillars_3, cheibrodos_sewer_entry_sluice, uniq_sigmund,
          uniq_crazy_yiuf_cottage
D:6:      lemuel_crystal_altar, grunt_decor_resistance,
          brannock_xom_greatest_gift, uniq_menkaure
D:7:      nicolae_overflow_crystal_walls, nicolae_ossuary_entry_plus,
          minmay_misc_feat_hallway, roderic_batcave
D:8:      nicolae_whirlpool, lemuel_crystal_altar, grunt_dithmenos_smoke,
          kennysheep_little_box, uniq_grum, uniq_maurice
D:10:     serial_column_ruins, column_ruins_open_medium,
          column_ruins_columns_dead_end, column_ruins_open_tiny,
          column_ruins_grid_2, column_ruins_columns_corner, column_ruins_grid_1,
          nicolae_trove_entry_path_of_doom
D:11:     david_lair_generic, david_orc_4, gammafunk_ghost_grave, the_bakery
D:12:     minmay_sliced_demisemicircle
D:13:     gammafunk_ghost_hydra_chop, minmay_stone_trees_small,
          hangedman_abyss_or_decor_passed
D:14:     erik_vaults_1, minmay_misc_feat_four_crosses, uniq_azrael
Sewer:    sewer_minmay_w
Ossuary:  minmay_ossuary_two_tombs
